 Dungeon Crawl Stone Soup version 0.29.0-4-gdea44cf6ec (webtiles) character file.

Game seed: 3845284514463896388

141 qw the Chopper (level 5, -2/32 HPs)
             Began as a Gargoyle Fighter on Sept 9, 2022.
             Slain by a wight
             ... wielding a +0 flail
              (4 damage)
             ... on level 4 of the Dungeon.
             The game lasted 00:01:10 (2670 turns).

qw the Chopper (Gargoyle Fighter)                   Turns: 2670, Time: 00:01:10

Health: -2/32      AC: 13    Str: 20 (22) XL:     5   Next: 24%
Magic:  5/5        EV:  7    Int:  7 (8)  God:
Gold:   120        SH:  4    Dex:  6 (9)  Spells: 4/4 levels left

rFire   . . .      SeeInvis .   Y - +0 war axe
rCold   . . .      Faith    .   c - +0 buckler
rNeg    + . .      Spirit   .   o - +0 chain mail
rPois   inf        Reflect  .   (no helmet)
rElec   +          Harm     .   (no cloak)
rCorr   .          Rampage  .   (no gloves)
Will    .....                   (no boots)
Stlth   ..........              (no amulet)
HPRegen 0.10/turn               (no ring)
MPRegen 0.09/turn               (no ring)

@: no status effects
A: sickness immunity, AC +4, negative energy resistance 1, electricity
resistance, torment resistance 1, petrification resistance
a: no special abilities


You were on level 4 of the Dungeon.
You visited 1 branch of the dungeon, and saw 4 of its levels.

You collected 120 gold pieces.


Innate Abilities, Weirdness & Mutations

You are immune to sickness and miasma.
Your stone body is resilient. (AC +4)
You are immune to poison.
You resist negative energy. (rN+)
You are resistant to electric shocks. (rElec)
You are resistant to unholy torment.
You are immune to petrification.


   Skills:
 - Level 3.2 Fighting
 + Level 4.8 Axes
 - Level 3.2 Armour
 - Level 3.2 Shields


You had 4 spell levels left.
You didn't know any spells.
Your spell library was empty.

Inventory:

Hand Weapons
 l - a +0 morningstar
 Y - a +0 war axe (weapon)
Armour
 c - a +0 buckler (worn)
 o - a +0 chain mail (worn)
Potions
 a - a potion of curing
 d - 2 potions of might
 e - a potion of flight {unknown}
 g - a potion of mutation {unknown}
 j - a potion of magic {unknown}
 k - a potion of lignification {unknown}
 m - a potion of brilliance {unknown}
 n - 2 potions of heal wounds

Dungeon Overview and Level Annotations

Branches:
Dungeon (4/15)
 Temple: D:4-7

Altars:
Ashenzari
Makhleb

Annotations:
D:3 2 transporters, 1 runed translucent door, Crazy Yiuf; qw's ghost, amateur DsCA


Message History

An endoplasm comes into view.
The endoplasm quivers.
You slash the endoplasm!
You kill the endoplasm!
You open the door.
There is an open door here.
You open the door.
There is an open door here. 2 wights come into view.
A wight is wielding a +4 falchion of freezing.
Enter note: You hit the wight.
The wight is moderately damaged.
You hit the wight but do no damage.
The wight hits you with a +4 falchion of freezing.
The wight freezes you. The wight barely misses you.
You closely miss the wight.
The wight is moderately damaged.
You hit the wight. The wight misses you. The wight closely misses you.
You slash the wight!
The wight is severely damaged.
You hit the wight.
You block the wight's attack. x2; The wight hits you but does no damage.
The wight closely misses you.
You hit the wight but do no damage.
The wight is severely damaged.
You closely miss the wight.
The wight hits you with a +4 falchion of freezing.
The wight freezes you. The wight barely misses you.
You hit the wight but do no damage.
The wight is severely damaged.
You barely miss the wight. The wight hits you but does no damage.
The wight hits you with a +0 flail!
You barely miss the wight.
The wight is severely damaged.
You barely miss the wight.
The wight hits you with a +4 falchion of freezing!
The wight freezes you. The wight hits you with a +0 flail.
You die...

##....... #........
+........ #........ #
#......>. ..####+##
#........
........#####........
........#...'........
......z@#...#........
......z.'...#........
........#...#........
........#####........
##..........<........
#######.............
#.....########
#.....#......##
#.....#.......#


You could see 2 wights.

Vanquished Creatures
  4 gnolls (D:3)
  4 adders
  2 worms
  3 dart slugs
  4 orcs (D:3)
  6 ball pythons
  5 endoplasms
  A giant cockroach (D:2)
  7 goblins
  4 hobgoblins
  2 kobolds (D:2)
  2 quokkas
  2 bats (D:2)
  A frilled lizard (D:3)
  3 rats (D:2)
50 creatures vanquished.

Notes
Turn   | Place    | Note
-------+----------+-------------------------------------------
     0 | D:1      | qw the Gargoyle Fighter began the quest for the Orb.
     0 | D:1      | Reached XP level 1. HP: 14/14 MP: 1/1
     0 | D:1      | 0 ||| qw: Version: 0.1-a-113-g051387a
     0 | D:1      | 0 ||| qw: Game counter: 7264
     0 | D:1      | 0 ||| qw: Always use a shield: true
     0 | D:1      | 0 ||| qw: God list: Okawaru
     0 | D:1      | 0 ||| qw: Allow faded altars: false
     0 | D:1      | 0 ||| qw: Do Orc after D:15 true
     0 | D:1      | 0 ||| qw: Do second Lair branch before Depths: true
     0 | D:1      | 0 ||| qw: Lair rune preference: random
     0 | D:1      | 0 ||| qw: Plans: Normal, Zot, God:TSO, Crypt, Tomb, Zig,
                  | Orb
     0 | D:1      | 0 ||| PLANNING D:1-11
    40 | D:1      | 40 ||| Stepping ~*~*~tactically~*~*~ (hiding).
    47 | D:1      | Reached skill level 2 in Axes
   198 | D:1      | 198 ||| Stepping ~*~*~tactically~*~*~ (hiding).
   208 | D:1      | Reached XP level 2. HP: 15/19 MP: 2/2
   603 | D:1      | 603 ||| READING scroll labelled ADEPSIAVYT.
   604 | D:1      | 604 ||| DRINKING 2 smoky clear potions.
   705 | D:1      | 705 ||| DROPPING potion of ambrosia.
   755 | D:2      | Reached skill level 3 in Axes
   755 | D:2      | Reached XP level 3. HP: 19/23 MP: 3/3
   755 | D:2      | 755 ||| STAIRDANCE
  1007 | D:2      | 1007 ||| Stepping ~*~*~tactically~*~*~ (hiding).
  1010 | D:2      | 1010 ||| Stepping ~*~*~tactically~*~*~ (hiding).
  1249 | D:2      | 1249 ||| Stepping ~*~*~tactically~*~*~ (stealth).
  1256 | D:2      | 1256 ||| Stepping ~*~*~tactically~*~*~ (stealth).
  1275 | D:2      | Reached XP level 4. HP: 13/28 MP: 4/4
  1469 | D:2      | 1469 ||| UPGRADING to +0 chain mail.
  1479 | D:2      | 1479 ||| DROPPING +0 scale mail.
  1480 | D:2      | 1480 ||| DROPPING ring of flight.
  1481 | D:2      | 1481 ||| READING scroll labelled NEEGUE REAT.
  1482 | D:2      | 1482 ||| DRINKING 2 purple potions.
  1483 | D:2      | 1483 ||| DRINKING 2 pink potions.
  1506 | D:3      | Found a broken altar of Ashenzari.
  1605 | D:3      | Identified the +5 mace of Offence {speed, *Corrode +Blink
                  | rPois Int+10}
  1607 | D:3      | 1607 ||| DROPPING +0 club.
  1700 | D:3      | Found a transporter.
  1703 | D:3      | 1703 ||| Stepping ~*~*~tactically~*~*~ (stealth).
  1715 | D:3      | Noticed qw's ghost (amateur DsCA)
  1716 | D:3      | Found a transporter.
  1718 | D:3      | Reached skill level 4 in Axes
  1797 | D:3      | 1797 ||| DROPPING +5 mace of Offence {speed, *Corrode
                  | +Blink rPois Int+10}.
  1934 | D:3      | Found a burning altar of Makhleb.
  2086 | D:3      | Found a runed translucent door.
  2087 | D:3      | Noticed Crazy Yiuf
  2173 | D:3      | HP: 5/28 [gnoll/+0 flail (6)]
  2174 | D:3      | 2174 ||| DRINKING 2 potions of heal wounds.
  2176 | D:3      | Reached XP level 5. HP: 28/32 MP: 5/5
  2214 | D:3      | 2214 ||| Stepping ~*~*~tactically~*~*~ (stealth).
  2461 | D:3      | 2461 ||| READING scroll labelled GOKKABR ZODEU.
  2462 | D:3      | 2462 ||| READING 2 scrolls labelled SINETI GONWAUF.
  2463 | D:3      | 2463 ||| READING scroll labelled VEYTUNN IHEC.
  2490 | D:3      | Noticed a phantom
  2511 | D:3      | 2511 ||| DRINKING 2 bubbling golden potions.
  2512 | D:3      | 2512 ||| DROPPING potion of degeneration.
  2513 | D:3      | 2513 ||| DROPPING scroll of immolation.
  2573 | D:4      | 2573 ||| Stepping ~*~*~tactically~*~*~ (stealth).
  2575 | D:4      | 2575 ||| Stepping ~*~*~tactically~*~*~ (stealth).
  2670 | D:4      | HP: 4/32 [wight/+4 falchion of freezing (10)]
  2670 | D:4      | Slain by a wight

Levels and vault maps discovered:
D:1:      eino_arrival_water_star, layout_rooms, minmay_misc_feat_rows,
          nicolae_kite_square_tiling_tiny, minmay_misc_feat_hallway
D:2:      layout_rooms
D:3:      layout_basic, mainiacjoe_overflow_small_starburst,
          lightli_temple_of_fire, gammafunk_ghost_mausoleum,
          guppyfry_early_orc_mine, uniq_crazy_yiuf_cottage
D:4:      layout_gridville, serial_shops, nicolae_stop_n_shop_1

Skill      XL: |  1  2  3  4 |
---------------+-------------+-----
Axes           | 2 3 4 |  4.8
Fighting       | |  3.2
Armour         | |  3.2
Shields        | |  3.2

Action                   |  1- 3 |  4- 6 || total
-------------------------+-------+-------++-------
Melee: War axe           |    82 |    77 ||   159
  Use: Potion            |     1 |     4 ||     5
       Scroll            |     1 |     4 ||     5
Armor: Scale mail        |    39 |       ||    39
       Chain mail        |       |    38 ||    38
Dodge: Dodged            |    41 |    31 ||    72
Block: Buckler           |    13 |    12 ||    25

Table legend:
 A = Non-vault XP
 B = Vault XP
 C = Vault XP percentage of total XP
 D = Non-vault monster count
 E = Vault monster count
 F = Vault count percentage of total count
                 A         B        C        D         E       F
            +---------+---------+-------+---------+---------+-------
      Total |     185 |      17 |   8.4 |      43 |       7 |  14.0
            +---------+---------+-------+---------+---------+-------
        D:1 |      24 |       0 |   0.0 |      10 |       0 |   0.0
        D:2 |      58 |       0 |   0.0 |      18 |       0 |   0.0
        D:3 |      85 |      17 |  16.7 |      11 |       7 |  38.9
        D:4 |      18 |       0 |   0.0 |       4 |       0 |   0.0
            +---------+---------+-------+---------+---------+-------
